AoeStats
← Agamemnon

Arena

504568086Analyzed
2v2 RM · 27d ago on Sep 5, 2026· 83m 8s· 4 players
Game mode
Random Map
Map size
Medium (4 player)
Population
200
Speed
Normal
Resources
Standard
Victory
Conquest
Starting age
Dark Age
Ending age
Imperial Age
RankedLock teamsTeams togetherTeam positionsShared explorationLock speedFull tech treeHidden civsTurbo modeCheats
Victory
Defeat
🇨🇿 Bohemians · Czechia
821
+18
🇨🇿 Spanish · Czechia
821
+19
🇰🇿 Teutons · Kazakhstan
881
-19
🇰🇿 Romans · Kazakhstan
874
-18
v.sla13
10:54 Feudal Age
16:53 Castle Age
15:21 Double-Bit Axe
16:01 Horse Collar
29:20 Chemistry
30:02 Pikeman
30:43 Squires
30:28 Arson
34:44 Imperial Age
32:59 Wagenburg Tactics
33:31 Caravan
34:13 Fortified Wall
37:18 Elite Hussite Wagon
39:09 Sappers
39:59 Conscription
39:49 Siege Engineers
39:55 Masonry
39:42 Murder Holes
41:24 Wheelbarrow
40:35 Town Watch
40:36 Loom
44:19 Hussite Reforms
47:11 Houfnice
60:43 Halberdier
Bubbly_Bee
1:17 Loom
11:57 Feudal Age
12:43 Horse Collar
15:13 Double-Bit Axe
21:31 Castle Age
19:48 Stone Mining
22:52 Bow Saw
23:03 Heavy Plow
23:45 Stone Shaft Mining
32:03 Wheelbarrow
31:36 Gold Mining
33:15 Fortified Wall
33:01 Murder Holes
34:19 Hand Cart
33:50 Town Watch
34:54 Squires
34:19 Man-at-Arms
37:34 Imperial Age
35:28 Town Patrol
36:56 Fletching
37:15 Scale Barding Armor
37:21 Forging
37:12 Scale Mail Armor
37:12 Padded Archer Armor
37:35 Husbandry
37:46 Bloodlines
36:57 Light Cavalry
38:39 Masonry
38:51 Ballistics
38:59 Bodkin Arrow
39:25 Chain Barding Armor
39:14 Cavalier
40:07 Bracer
40:43 Iron Casting
40:23 Chain Mail Armor
40:42 Coinage
42:05 Chemistry
41:36 Architecture
40:52 Arrowslits
41:59 Conscription
41:09 Sappers
42:15 Hoardings
41:07 Elite Skirmisher
41:52 Thumb Ring
44:16 Plate Barding Armor
44:42 Blast Furnace
44:12 Plate Mail Armor
43:58 Leather Archer Armor
43:46 Caravan
44:17 Banking
43:57 Guilds
44:33 Paladin
48:14 Ring Archer Armor
50:43 Pikeman
64:09 Two-Man Saw
65:36 Halberdier
73:55 Capped Ram
74:50 Siege Ram
Agamemnon
11:02 Feudal Age
11:27 Double-Bit Axe
11:23 Horse Collar
16:02 Castle Age
14:42 Gold Mining
14:56 Stone Mining
20:46 Bow Saw
20:38 Heavy Plow
24:04 Ballistics
24:41 Forging
24:31 Scale Mail Armor
25:54 Wheelbarrow
25:05 Town Watch
29:12 Ballistas
29:47 Iron Casting
29:28 Chain Mail Armor
29:38 Hand Cart
30:34 Scale Barding Armor
30:32 Squires
30:05 Man-at-Arms
30:05 Pikeman
31:40 Long Swordsman
38:18 Imperial Age
37:24 Town Patrol
39:11 Siege Engineers
38:42 Heavy Scorpion
40:03 Gold Shaft Mining
40:53 Chemistry
40:45 Legionary
42:31 Blast Furnace
45:39 Chain Barding Armor
45:23 Elite Centurion
47:13 Comitatenses
47:16 Conscription
58:03 Halberdier
66:31 Elite Skirmisher
67:37 Crossbowman
68:25 Padded Archer Armor
68:15 Fletching
70:53 Bodkin Arrow
71:13 Leather Archer Armor
78:33 Ring Archer Armor
farrightmysticism
8:55 Loom
11:44 Feudal Age
16:58 Castle Age
15:51 Horse Collar
15:58 Double-Bit Axe
24:19 Heavy Plow
32:40 Imperial Age
30:46 Wheelbarrow
32:01 Hand Cart
34:21 Chemistry
33:55 Cavalier
34:43 Scale Barding Armor
34:49 Forging
35:48 Stone Mining
35:56 Gold Mining
41:43 Stone Shaft Mining
42:18 Crenellations
43:20 Chain Barding Armor
43:37 Iron Casting
42:59 Paladin
45:10 Block Printing
45:39 Bloodlines
47:10 Plate Barding Armor
47:36 Blast Furnace
50:00 Bombard Tower
49:27 Arrowslits
53:53 Caravan
62:19 Coinage
62:01 Guilds
77:00 Elite Teutonic Knight
77:55 Town Watch
80:28 Pikeman
81:09 Squires
80:56 Arson
Connection lost

Rejoining the realm…

Still unreachable

The connection could not be restored.

Session expired

The server has moved on; the page needs a fresh start.